 Dungeon Crawl Stone Soup version 0.30-a0-800-g7c544603b3 (webtiles) character file.

Game seed: 12156663563183521903

171 BubbleThief the Stinger (level 5, 0/38 (42) HPs)
             Began as a Naga Venom Mage on Feb 22, 2023.
             Slain by Edmund
             ... wielding a +2 dire flail of draining
              (2 damage)
             ... on level 4 of the Dungeon.
             The game lasted 00:05:52 (2434 turns).

BubbleThief the Stinger (Naga Venom Mage)           Turns: 2434, Time: 00:05:53

HP:   0/38 (42)     AC:  4    Str: 18    XL:     5   Next: 51%
MP:   7/9           EV:  9    Int: 16    God:
Gold: 172           SH:  0    Dex: 11    Spells: 2/10 levels left

rFire   . . .      SeeInvis +    d - +2 flail (drain)
rCold   + . .      Faith    .    (no shield)
rNeg    . . .      Spirit   .    k - +1 robe {rC+}
rPois   +          Reflect  .    l - +0 helmet
rElec   .          Harm     .    (no cloak)
rCorr   .          Rampage  .    (no gloves)
Will    +....                    (no barding)
Stlth   ++                       (no amulet)
HPRegen 0.26/turn                e - +6 ring of strength
MPRegen 0.11/turn                o - ring of willpower

@: hasted, drained, quick
A: AC +1, large, see invisible, deformed body, poison resistance, slowness 2,
spit poison 1, naga tail 1
a: Spit Poison


You were on level 4 of the Dungeon.
You visited 1 branch of the dungeon, and saw 4 of its levels.

You collected 172 gold pieces.

Inventory:

Hand Weapons
 d - a +2 flail of draining (weapon)
Missiles
 a - a throwing net
Armour
 c - a +0 tower shield
 k - a +1 robe of cold resistance (worn)
 l - a +0 helmet (worn)
Jewellery
 e - a +6 ring of strength (left hand)
 o - a ring of willpower (right hand)
Scrolls
 f - a scroll of magic mapping {unknown}
 j - 3 scrolls of identify {unknown}
 n - a scroll of enchant weapon {unknown}
 q - 2 scrolls of teleportation {unknown}
 r - a scroll of fog {unknown}
 s - a scroll of vulnerability {unknown}
 t - a scroll of brand weapon {unknown}
Potions
 b - a potion of magic
 g - a potion of haste
 h - 3 potions of attraction {unknown}
 i - a potion of mutation {unknown}
 m - 2 potions of heal wounds {unknown}
 p - a potion of degeneration {unknown}


   Skills:
 - Level 1.5 Dodging
 - Level 3.0 Stealth
 + Level 3.2 Spellcasting
 - Level 1.0 Transmutations
 * Level 7.0 Poison Magic


You had 2 spell levels left.
You knew the following spells:

 Your Spells              Type           Power      Damage    Failure   Level
a - Sting                 Tmut/Pois      60%        1d6       3%          1
b - Mephitic Cloud        Conj/Pois/Air  10%        N/A       22%         3
c - Olgreb's Toxic Radia  Pois           25%        N/A       11%         4

Your spell library contained the following spells:

 Spells                   Type           Power      Damage    Failure   Level
 Poisonous Vapours        Pois/Air       26%        N/A       7%          2
 Airstrike                Air            1%         2d(1-17)  88%         4
 Summon Lightning Spire   Summ/Air       2%         N/A       88%         4
 Lightning Bolt           Conj/Air       1%         1d12      99%         5


Dungeon Overview and Level Annotations

Branches:
Dungeon (4/15)
 Temple: D:4-7

Altars:

Annotations:
D:4 Edmund


Innate Abilities, Weirdness & Mutations

Your serpentine skin is tough. (AC +1)
You have supernaturally acute eyesight. (SInv)
Armour fits poorly on your strangely shaped body.
Your system is resistant to poisons. (rPois)
You cover ground very slowly.
You can spit poison.
You have a snake-like lower body.


Message History

You aren't carrying any items that you can evoke.
Okay, then.
Okay, then.
Okay, then.
You feel yourself speed up.
You kill the gnoll!
You feel a bit more experienced. Edmund closely misses you.
Your life force feels restored.
Your Poison Magic skill increases to level 7!
You closely miss Edmund.
Edmund hits you with a +2 dire flail of draining.
You feel drained.
You closely miss Edmund. Edmund closely misses you.
You closely miss Edmund. Edmund barely misses you.
You hit Edmund.
Edmund is lightly wounded.
Edmund barely misses you.
You hit Edmund.
Edmund is lightly wounded.
You closely miss Edmund.
Edmund is lightly wounded.
Edmund hits you with a +2 dire flail of draining!
You feel drained.
You barely miss Edmund.
Edmund is lightly wounded.
Edmund hits you with a +2 dire flail of draining!
* * * LOW HITPOINT WARNING * * *
You feel drained.
* * * LOW HITPOINT WARNING * * *
Edmund attacks as you move away! Edmund barely misses you.
Edmund says, "Everyone always remembers my brother. 'Who's Edmund?' they ask!"
You see here a +0 leather armour.
Edmund says, "People accused me of being a cutpurse!"
Edmund attacks as you move away! Edmund closely misses you.
You see here a worm corpse.
Edmund attacks as you move away!
Edmund hits you with a +2 dire flail of draining!
* * * LOW HITPOINT WARNING * * *
You feel drained.
You die...

# ..). #.# . #.##..# #.# ..
#...).# #.## #..#
###..#†.####./##...##
..^.......g..........
#..###.#####[.#####
##..†g....# #..@#####.#
.##.##.@## ..# #..
#.......# #.# #.#
#.#.###.##### .. #
###.###...........# ### #
#.................###### #
##....###.....>..........
###......##..........######
##........#............#
..........######).####....


You could see Edmund and a gnoll.

Vanquished Creatures
  An orc priest (D:2)
  Robin (D:2)
  2 gnolls (D:4)
  3 adders (D:2)
  2 worms (D:4)
  2 dart slugs
  3 orcs
  7 bats
  3 endoplasms
  5 giant cockroaches
  10 goblins
  5 hobgoblins
  7 jackals
  5 quokkas
  3 ball pythons
  2 frilled lizards
  4 kobolds
  5 rats
70 creatures vanquished.

Notes
Turn   | Place    | Note
-------+----------+-------------------------------------------
     0 | D:1      | BubbleThief the Naga Venom Mage began the quest for the
                  | Orb.
     0 | D:1      | Reached XP level 1. HP: 15/15 MP: 3/3
   171 | D:1      | Reached XP level 2. HP: 22/22 MP: 1/5
   710 | D:2      | Reached skill level 5 in Poison Magic
   710 | D:2      | Noticed Robin
   714 | D:2      | Reached XP level 3. HP: 26/28 MP: 2/6
   775 | D:1      | Learned a level 3 spell: Mephitic Cloud
   853 | D:2      | Killed Robin
   962 | D:2      | Reached XP level 4. HP: 36/36 MP: 5/8
  1124 | D:2      | Learned a level 4 spell: Olgreb's Toxic Radiance
  1161 | D:2      | Reached skill level 6 in Poison Magic
  1402 | D:2      | Reached XP level 5. HP: 42/42 MP: 9/9
  2409 | D:4      | Noticed Edmund
  2417 | D:4      | Reached skill level 7 in Poison Magic
  2434 | D:4      | Slain by Edmund

Illustrated notes

Levels and vault maps discovered:
D:1:      lemuel_arrival_rhombus, layout_basic
D:2:      layout_basic, uniq_robin
D:3:      layout_basic, serial_curves, eino_curves_03, eino_curves_03
D:4:      layout_rooms, makhleb_heckhound_becter, uniq_edmund

Skill      XL: |  1  2  3  4  5 |
---------------+----------------+-----
Poison Magic   | 5 6 7 |  7.0
Spellcasting   | 3 |  3.2
Dodging        | |  1.5
Stealth        | |  3.0
Transmutations | |  1.0

Action                     |  1- 3 |  4- 6 || total
---------------------------+-------+-------++-------
  Melee: Flail             |    10 |    47 ||    57
   Cast: Sting             |    29 |    22 ||    51
         Olgreb's Toxic Ra |       |     2 ||     2
Ability: Spit Poison       |    21 |    23 ||    44
    Use: Potion            |       |     1 ||     1
   Stab: Sleeping          |       |     1 ||     1
 Armour: Robe              |    10 |    25 ||    35
  Dodge: Dodged            |    18 |    40 ||    58

Table legend: (Time is in decaauts)
 A = Elapsed time spent in this place.
 B = Non-inter-level travel time spent in this place.
 C = Inter-level travel time spent in this place.
 D = Time resting spent in this place.
 E = Time spent auto-exploring this place.
 F = Levels seen in this place.
 G = Mean time per level.
                   A        B        C        D        E       F      G
               +--------+--------+--------+--------+--------+-----+--------+
         Total |   3107 |   3029 |     78 |    133 |   2380 |   4 |  776.8 |
       Dungeon |   3107 |   3029 |     78 |    133 |   2380 |   4 |  776.8 |
               +--------+--------+--------+--------+--------+-----+--------+

Top non-repeatable levels by time:
     D:2: 1144 daAuts
     D:1: 1026 daAuts
     D:3: 762 daAuts
     D:4: 173 daAuts
